 Dungeon Crawl Stone Soup version 0.31-a0-325-g067879e3d3 (webtiles) character file.

Game seed: 900716444622574056

591832 juan097 the Slayer (level 26, -13/211 HPs)
             Began as a Black Draconian Brigand on July 17, 2023.
             Was the Champion of Wu Jian.
             Killed from afar by an Ice Fiend (63 damage)
             ... with a bolt of cold
             ... led by Tixor
             ... on level 7 of the Dungeon on July 18, 2023.
             The game lasted 03:37:25 (68041 turns).

juan097 the Slayer (Black Draconian Brigand)       Turns: 68041, Time: 03:37:26

Health: -13/211    AC: 23    Str:  9 (10) XL:     26   Next: 23%
Magic:  10/27      EV: 27    Int: 16 (17) God:    Wu Jian [******]
Gold:   5814       SH: 22    Dex: 22 (23) Spells: 20/31 levels left

rFire   + . .        w - +9 eudemon blade (holy)
rCold   . . .        y - +2 kite shield {AC+3}
rNeg    . . .        (body armour unavailable)
rPois   +            Z - +2 hat
rElec   +            o - scarf {rC+ rF+}
rCorr   .            m - +2 pair of gloves {Str+3}
SInv    +            C - +2 pair of boots {Stlth+}
Will    +....        z - amulet of reflection
Stlth   ++           J - ring of poison resistance
HPRegen 0.55/turn    S - ring "Buemytuu" {rC+ Str-5 Int+4 Slay+4 SInv, =R}
MPRegen 0.20/turn

%: reflection
@: mighty, maw-form, flying, hasted, studying Long Blades, unable to read, very
quick
A: devouring maw, flying, breathe lightning, AC +12, unfitting armour, big
wings, electricity resistance, cold-blooded, hooves 1, stinger 1, deterioration
1, frail 2, weak 1, cold vulnerability 2, inability to read after injury 1
0: Orb of Zot
}: 3/15 runes: serpentine, barnacled, silver
a: Breathe Lightning, Begin Untransformation, Renounce Religion, Wall Jump,
Serpent's Lash, Heavenly Storm


You were on level 7 of the Dungeon.
You worshipped Wu Jian.
Wu Jian was exalted by your worship.
You were a creature with a mouth for a stomach.
You visited 10 branches of the dungeon, and saw 48 of its levels.
You visited 1 bazaar.
You also visited: Gauntlet and Ice Cave.

You collected 13480 gold pieces.
You spent 4809 gold pieces at shops.
You paid 2857 gold pieces to Gozag.

Inventory:

Hand Weapons
 a - the +8 Vampire's Tooth {megavamp}
   (You bought it in a shop on level 4 of the Dungeon)
 b - a +0 hand crossbow
 w - a +9 eudemon blade of holy wrath (weapon)
Missiles
 d - 2 curare-tipped darts (quivered)
 g - 6 datura-tipped darts
 i - 13 silver javelins
 x - 11 javelins
 T - 7 throwing nets
 U - 3 silver boomerangs
 X - 10 boomerangs of dispersal
Armour
 m - a +2 pair of gloves of strength (worn)
 o - a scarf of resistance (worn)
 y - a +2 kite shield of protection (worn)
 C - a +2 pair of boots of stealth (worn)
 Z - a +2 hat (worn)
Jewellery
 u - a ring of fire
 z - an amulet of reflection (around neck)
 G - a ring of fire
 I - a +4 ring of protection
 J - a ring of poison resistance (left hand)
 S - the ring "Buemytuu" (right hand) {rC+ Str-5 Int+4 Slay+4 SInv, =R}
   (You found it on level 3 of the Snake Pit)

   [ring of slaying]

   Str:       It affects your strength (-5).
   Int:       It affects your intelligence (+4).
   Slay:      It affects your accuracy & damage with ranged weapons and melee
   (+4).
   rC:        It protects you from cold.
   SInv:      It lets you see invisible.
 W - a ring of willpower
Wands
 A - a wand of iceblast (45)
 N - a wand of digging (16)
 R - a wand of light (39)
Scrolls
 e - 16 scrolls of teleportation
 h - 11 scrolls of fear
 l - 3 scrolls of butterflies
 s - 5 scrolls of fog
 v - 2 scrolls of enchant armour
 D - 4 scrolls of enchant weapon
 H - 8 scrolls of revelation
 K - 3 scrolls of silence
 M - 8 scrolls of blinking
 V - 6 scrolls of poison
Potions
 j - 11 potions of curing
 k - 5 potions of cancellation
 n - 7 potions of heal wounds
 p - 4 potions of ambrosia
 q - 4 potions of haste
 r - 3 potions of might
 B - 3 potions of invisibility
 F - 8 potions of enlightenment
 L - 7 potions of lignification
 Q - 14 potions of attraction
 Y - a potion of resistance
Miscellaneous
 c - a phial of floods
 E - a lightning rod (4/4)
 O - a phantom mirror
 P - a tin of tremorstones (2/2)


   Skills:
 + Level 26.5 Fighting
 - Level 11.6(14.6) Short Blades
 - Level 14.4(16.0) Long Blades
 - Level 8.0 Ranged Weapons
 - Level 14.0 Throwing
 - Level 20.0 Dodging
 - Level 10.0 Stealth
 - Level 16.0 Shields
 - Level 3.0 Spellcasting
 - Level 6.0 Translocations
 - Level 6.0 Transmutations
 - Level 8.0 Ice Magic
 - Level 6.0 Air Magic
 - Level 4.0 Earth Magic
 - Level 12.0 Evocations
 - Level 14.0 Shapeshifting


You had 20 spell levels left.
You knew the following spells:

 Your Spells              Type           Power      Damage    Failure   Level
a - Apportation           Tloc           42%        N/A       3%          1
b - Passwall              Tmut/Erth      15%        N/A       8%          2
c - Ozocubu's Armour      Ice            28%        N/A       4%          3
d - Blink                 Tloc           42%        N/A       4%          2
e - Vhi's Electric Charg  Tloc/Air       42%        N/A       10%         3

Your spell library contained the following spells:

 Spells                   Type           Power      Damage    Failure   Level
 Freeze                   Ice            100%       1d10      1%          1
 Lesser Beckoning         Tloc           42%        N/A       4%          2
 Frozen Ramparts          Ice            56%        1d9       4%          3
 Sandblast                Erth           30%        2d9       8%          1
 Shock                    Conj/Air       48%        1d6       12%         1
 Sting                    Tmut/Pois      48%        1d5       12%         1
 Ensorcelled Hibernation  Hex/Ice        30%        N/A       12%         2
 Momentum Strike          Conj/Tloc      24%        3d8       17%         2
 Hailstorm                Conj/Ice       15%        3d5       22%         3
 Cigotuvi's Dreadful Rot  Necr/Pois/Air  16%        N/A       26%         2
 Manifold Assault         Tloc           21%        N/A       32%         4
 Portal Projectile        Hex/Tloc       24%        N/A       34%         3
 Volatile Blastmotes      Fire/Tloc      24%        2d12      34%         3
 Foxfire                  Conj/Fire      8%         2x1d4     36%         1
 Kiss of Death            Conj/Necr      8%         2d6       36%         1
 Magic Dart               Conj           8%         1d3       36%         1
 Necrotise                Necr           8%         1d4       36%         1
 Summon Small Mammal      Summ           8%         N/A       36%         1
 Ignite Poison            Fire/Tmut/Pois 8%         N/A       45%         3
 Stone Arrow              Conj/Erth      16%        3d8       45%         3
 Petrify                  Tmut/Erth      18%        N/A       45%         4
 Searing Ray              Conj           4%         2d4       52%         2
 Sublimation of Blood     Necr           2%         N/A       52%         2
 Summon Ice Beast         Ice/Summ       15%        N/A       58%         4
 Call Canine Familiar     Summ           2%         N/A       75%         3
 Confusing Touch          Hex            2%         N/A       75%         3
 Summon Guardian Golem    Hex/Summ       2%         N/A       75%         3
 Vampiric Draining        Necr           2%         2d6       75%         3
 Iskenderun's Mystic Bla  Conj/Tloc      12%        2d5       75%         4
 Leda's Liquefaction      Hex/Erth       4%         N/A       86%         4
 Alistair's Intoxication  Tmut/Pois      8%         N/A       97%         5
 Arcjolt                  Conj/Air       6%         1d16      97%         5
 Irradiate                Conj/Tmut      6%         3d13      97%         5
 Anguish                  Hex/Necr       1%         N/A       98%         4
 Cause Fear               Hex            1%         N/A       98%         4
 Dispel Undead            Necr           2%         3d7       98%         4
 Fulminant Prism          Conj/Hex       1%         3d5       98%         4
 Sticky Flame             Conj/Fire      2%         2d3       98%         4
 Borgnjor's Vile Clutch   Necr/Erth      4%         N/A       99%         5
 Dispersal                Tloc           10%        N/A       99%         6
 Agony                    Necr           2%         N/A       100%        5
 Fireball                 Conj/Fire      1%         3d3       100%        5
 Iskenderun's Battlesphe  Conj           2%         2d6       100%        5
 Conjure Ball Lightning   Conj/Air       6%         3x3d6     100%        6
 Death Channel            Necr           1%         N/A       100%        6
 Eringya's Noxious Bog    Tmut/Pois      6%         4d6       100%        6
 Leda's Unmaking          Conj/Erth      4%         9d2       100%        6
 Simulacrum               Ice/Necr       7%         N/A       100%        6
 Enfeeble                 Hex            1%         N/A       100%        7
 Haunt                    Necr/Summ      1%         N/A       100%        7
 Malign Gateway           Summ/Tloc      6%         N/A       100%        7
 Orb of Destruction       Conj           1%         9d5       100%        7
 Ozocubu's Refrigeration  Ice            14%        4d10      100%        7
 Spellforged Servitor     Conj/Summ      1%         N/A       100%        7
 Discord                  Hex            1%         N/A       100%        8
 Disjunction              Tloc           10%        N/A       100%        8
 Ignition                 Fire           1%         3d3       100%        8
 Lehudib's Crystal Spear  Conj/Erth      4%         10d3      100%        8
 Maxwell's Capacitive Co  Air            10%        ∞         100%        8
 Summon Horrible Things   Summ           1%         N/A       100%        8
 Animate Armour           Summ/Erth      Unusable   N/A       N/A         4

Dungeon Overview and Level Annotations

Branches:
Dungeon (15/15)            Temple (1/1) D:4            Lair (5/5) D:8
 Shoals (4/4) Lair:2        Snake (4/4) Lair:2        Slime (0/5) Lair:5
    Orc (2/2) D:11            Elf (3/3) Orc:2        Vaults (5/5) D:14
  Crypt (0/3) Vaults:3     Depths (4/4) D:15            Zot (5/5) Depths:4
  IceCv (visited)         Gauntlet (visited)

Altars:
Ashenzari
Cheibriados
Dithmenos
Elyvilon
Fedhas
Gozag
Hepliaklqana
Kikubaaqudgha
Makhleb
Nemelex Xobeh
Okawaru
Qazlal
Ru
Sif Muna
Trog
Uskayaw
Vehumet
Wu Jian
Xom
Yredelemnul
Zin
The Shining One
Lugonu

Shops:
D:1 (   D:4 (   D:5 :[?   D:7 !   D:11 **   Orc:2 ?([   Elf:2 (   Elf:3 :
Snake:2 *   Vaults:5 ?   Depths:2 (

Portals:
Hell: Depths:1 Depths:2 Depths:3 Depths:4
Abyss: Depths:1 Depths:3
Pandemonium: Depths:1 Depths:2 Depths:4
Ziggurat: Depths:3
Trove: D:13 (give Vampire's Tooth)

Annotations:
D:3 2 transporters, Sigmund
D:6 Maggie
Lair:5 1 runed translucent door
Orc:1 2 transporters, Piadonn's ghost, journeyman MiBe
Zot:3 4 transporters


Innate Abilities, Weirdness & Mutations

You are a creature with a mouth for a stomach.
Your midsection houses a second, enormous mouth.
You are flying.
You can breathe wild blasts of lightning.
Your glossy black scales are hard. (AC +12)
You cannot fit into any form of body armour.
Your large and strong wings let you fly.
You are resistant to electric shocks. (rElec)
You are cold-blooded and may be slowed by cold attacks.
You have large cloven feet.
Your tail ends in a venomous barb.
Your body sometimes deteriorates upon taking damage.
You are very frail. (-20% HP)
You are weak. (Str -2)
You are very vulnerable to cold. (rC--)
You occasionally lose the ability to read scrolls when taking damage.


Message History

Tixor is moderately wounded.
Tixor hits you!
You feel as though your hastened speed will last longer.
You miss Tixor.
Tixor is moderately wounded.
You block Tixor's attack.
You slice Tixor!!
Tixor convulses!!
You tail-slap Tixor, but do no damage.
Tixor is heavily wounded.
You block Tixor's attack.
You closely miss Tixor. Your bite misses Tixor.
Tixor is heavily wounded.
You block Tixor's attack.
You slice Tixor!!
Tixor convulses!!
You tail-slap Tixor! You bite Tixor.
Tixor is almost dead.
You block Tixor's attack.
You barely miss Tixor.
Tixor is almost dead.
Tixor hits you!!!
You feel threatened and lose the ability to read scrolls!
* * * LOW HITPOINT WARNING * * *
You block the large abomination's attack.
You closely miss Tixor.
Tixor is almost dead.
You miss Tixor.
Your tail-slap misses Tixor.
Tixor is almost dead.
Tixor hits you!!
* * * LOW HITPOINT WARNING * * *
Your body deteriorates!
You feel dopey.
You feel your power leaking away.
You block the large abomination's attack.
You slash Tixor!
Tixor convulses.
Tixor is almost dead.
You block Tixor's attack.
You feel much better. Tixor barely misses you.
You block the large abomination's attack.
You slice Tixor!!
You kill Tixor!
The Council accepts your kill. The Ice Fiend gestures at you.
The bolt of cold hits you!!!
You die...

##.# #.......... ##.#
########.....#### ##.#
##.....##.....#... ##.#
#.......#....##... ##.#
#.......#....'.... ##.#
#...#####...##...) ##.###########
###'#...#'#.#.....
#....##.#..#.#####.......#####...
#..........#'#.#WX.........#.#'#.
#........###...##.........##.).##
.........#......'1........'......
.........#....1.##.......##......
.........#.......#.......#.......
.........'.......####'####.......
.........#.......#.......#.......
PP...#####......##.......##......
.P..####.#......'.....[...'......


You could see an Ice Fiend and a large abomination.

Vanquished Creatures
  A pandemonium lord (D:7)
  3 dread liches
  Mennas (Vaults:4)
  9 orbs of fire
  Mara (Shoals:4)
  4 juggernauts
  Bai Suzhen (Vaults:4)
  8 Killer Klowns (Zot:5)
  A curse toe (Zot:2)
  A caustic shrike (Depths:3)
  11 golden dragons
  Nikola (Vaults:1)
  A bone dragon (Depths:4)
  4 electric golems
  15 tentacled monstrosities
  Zenata (Elf:3)
  3 liches
  A hellephant (Elf:1)
  30 Orb Guardians
  A Hell Sentinel (Zot:5)
  An Ice Fiend (IceCv)
  A walking earthen tome (Depths:3)
  5 quicksilver dragons
  5 titans
  2 deep elf master archers (Elf:3)
  2 deep elf blademasters
  Frances (D:12)
  Polyphemus (Shoals:4)
  9 sphinxes
  4 death cobs
  A kraken (Shoals:4)
  Kirke (D:12)
  3 tengu reavers (Vaults:5)
  8 draconian monks
  Ilsuiw (Shoals:2)
  12 shadow dragons
  15 storm dragons
  Donald (Shoals:1)
  7 fire giants
  8 nagarajas
  6 deep elf sorcerers
  4 iron dragons
  7 draconian knights
  5 draconian scorchers
  Louise (Elf:1)
  2 ghost moths
  5 frost giants
  A balrug (Gauntlet)
  2 orc warlords (Vaults:4)
  6 draconian shifters
  21 vault wardens
  A cacodemon (Depths:4)
  A broodmother (shapeshifter) (Elf:1)
  A reaper (Depths:4)
  3 deep elf elementalists (Elf:3)
  2 war gargoyles
  4 draconian stormcallers
  4 spriggan defenders
  23 very ugly things
  3 draconian annihilators
  23 ironbound preservers
  12 stone giants
  A formless jellyfish (Vaults:3)
  13 black draconians
  4 ironbound thunderhulks
  13 spark wasps
  16 green draconians
  An eleionoma (shapeshifter) (Elf:3)
  5 deep elf annihilators (Elf:3)
  4 vampire knights
  9 white draconians
  2 spark wasps (shapeshifter)
  13 purple draconians
  13 red draconians
  3 deep elf demonologists (Elf:3)
  9 yellow draconians
  11 dire elephants
  10 ettins
  3 minotaurs
  4 deep elf death magi
  6 merfolk impalers
  8 fire dragons
  7 deep elf high priests
  A merfolk javelineer (Depths:1)
  7 hydras
  3 entropy weavers
  An ice dragon (shapeshifter) (Elf:1)
  2 hell beasts (Depths:4)
  A salamander tyrant (Snake:4)
  Erolcha (D:13)
  18 yaktaur captains
  A caustic shrike simulacrum (IceCv)
  41 vault guards
  2 spriggan air magi
  12 great orbs of eyes
  2 peacekeepers
  2 rakshasas
  An anaconda (shapeshifter) (Elf:1)
  9 centaur warriors
  12 ice dragons
  9 ironbound frosthearts
  An alligator snapping turtle (Shoals:3)
  2 boulder beetles
  A merfolk avatar (Shoals:4)
  5 catoblepae
  3 two-headed ogres
  2 merfolk aquamancers
  5 deep troll shamans
  3 death yaks
  10 deep troll earth magi
  16 anacondas
  15 naga warriors
  3 orc high priests
  2 vampire magi
  8 satyrs
  10 tengu warriors
  A titan zombie (Vaults:3)
  19 dancing weapons
  A shock serpent (shapeshifter) (Depths:3)
  8 spriggan berserkers
  7 shock serpents
  5 spriggans (Depths:4)
  22 deep elf knights
  16 naga sharpshooters
  9 hell knights
  A soul eater (Depths:4)
  5 skysharks
  A fire crab (shapeshifter) (Elf:3)
  10 iron trolls
  5 skeletal warriors (D:15)
  3 salamander mystics
  Lodul (D:14)
  An orb spider (shapeshifter) (Vaults:5)
  20 sea snakes
  52 deep trolls
  7 spriggan simulacra (IceCv)
  17 deep elf archers
  22 ironbound convokers
  6 naga ritualists
  A quicksilver dragon simulacrum (Depths:4)
  A deep troll (shapeshifter) (D:15)
  5 lindwurms
  A swamp dragon (shapeshifter) (Vaults:5)
  4 glowing orange brains
  43 deep elf zephyrmancers
  3 phantasmal warriors
  11 harpies
  4 necromancers
  9 wizards
  12 orc knights
  A harpy (shapeshifter) (Vaults:5)
  An obsidian statue (IceCv)
  24 deep elf pyromancers
  Pikel (D:6)
  7 mana vipers
  2 wolf spiders
  8 salamanders
  A manticore (shapeshifter) (Vaults:5)
  A wolf spider (shapeshifter) (Vaults:5)
  13 manticores
  A cyclops (shapeshifter) (Vaults:5)
  36 ugly things
  15 fauns
  4 orc sorcerers (Orc:2)
  5 cyclopes
  13 elephants (Lair:5)
  43 black mambas
  34 moths of wrath
  A black mamba (shapeshifter) (Depths:3)
  11 merfolk sirens
  20 cane toads
  10 naga magi
  4 water nymphs
  An apocalypse crab (Elf:1)
  17 vault sentinels
  2 smoke demons (Depths:1)
  6 guardian serpents (Snake:4)
  2 molten gargoyles (D:11)
  4 rust devils
  An orange demon (Depths:1)
  A gargoyle (D:12)
  A torpor snail (Lair:5)
  7 rime drakes
  2 hellions
  A cane toad (shapeshifter) (D:15)
  34 yaktaurs
  2 efreet
  7 freezing wraiths
  3 tengu conjurers
  An anaconda simulacrum (IceCv)
  16 komodo dragons
  8 ice devils
  A queen bee (shapeshifter) (Vaults:4)
  30 merfolk
  5 wind drakes
  5 hornets (Depths:4)
  6 polar bears
  A red devil (Depths:1)
  Grinder (D:4)
  3 hellwings
  3 trolls
  A tyrant leech (shapeshifter) (Elf:1)
  An ettin zombie (Vaults:3)
  3 meliai (D:15)
  A raiju (shapeshifter) (D:14)
  9 dream sheep
  21 blink frogs
  A tarantella (Vaults:2)
  6 snapping turtles
  A jumping spider (Vaults:5)
  3 air elementals
  A slime creature (shapeshifter) (Elf:1)
  29 slime creatures
  16 water elementals
  Eustachio (D:6)
  A vampire (D:12)
  46 yaks
  A culicivora (Vaults:1)
  A ynoxinul (Depths:4)
  9 wyverns
  2 wraiths
  5 dire elephant simulacra (IceCv)
  3 basilisks
  4 steam dragons
  A hog (D:12)
  Grum (D:8)
  8 minotaur simulacra (IceCv)
  3 redbacks
  12 vampire mosquitoes
  A harpy simulacrum (IceCv)
  A chaos spawn (Depths:1)
  A swamp worm (shapeshifter) (Elf:1)
  2 wargs
  40 nagas
  5 acid dragons
  2 hydra simulacra (IceCv)
  13 water moccasins
  2 large abominations (Gauntlet)
  A floating eye (Depths:3)
  2 floating eyes (shapeshifter) (Elf:1)
  A glowing shapeshifter skeleton (Vaults:3)
  26 orc warriors
  3 ice beasts
  2 black bears
  A sky beast (D:7)
  An alligator simulacrum (IceCv)
  4 boggarts (Vaults:2)
  13 ogres
  An ogre (shapeshifter) (Vaults:5)
  10 wolves
  2 lemures (D:7)
  6 centaurs
  3 kobold brigands
  3 phantoms
  Blork the orc (D:5)
  10 bullfrogs
  11 deep troll simulacra (IceCv)
  2 gnoll sergeants
  4 scorpions
  12 wights
  7 killer bees
  4 small abominations (Gauntlet)
  2 lindwurm simulacra (IceCv)
  5 electric eels
  8 howler monkeys
  5 lava snakes (D:11)
  3 centaur zombies (D:8)
  14 orc priests
  2 hounds (D:6)
  A jelly (D:4)
  2 sleepcaps
  17 orc wizards
  5 iguanas
  Natasha (D:3)
  2 killer bee zombies (D:8)
  3 howler monkey zombies (D:8)
  Robin (D:2)
  14 gnolls
  20 adders
  A shadow imp (D:7)
  A white imp (D:5)
  An ufetubus (D:6)
  A worm (D:4)
  4 dart slugs
  76 orcs
  9 ball pythons
  9 bats
  4 endoplasms
  3 giant cockroaches
  9 goblins
  11 hobgoblins
  7 jackals
  25 kobolds
  3 quokkas
  A frilled lizard (D:2)
  6 rats
  A tentacle (Shoals:4)
2114 creatures vanquished.

Vanquished Creatures (others)
  An eldritch tentacle (Zot:3)
  2 death cobs
  2 vault wardens (Vaults:5)
  A ghost moth (Zot:3)
  A draconian annihilator (Zot:2)
  A naga warrior (Snake:4)
  A dancing weapon (Elf:2)
  A deep elf knight (Elf:3)
  A salamander mystic (Snake:4)
  A deep elf zephyrmancer (Elf:3)
  2 deep elf pyromancers (Elf:1)
  A manticore (D:15)
  A human (D:12)
  A naga (Snake:4)
  An electric eel (D:15)
  A hobgoblin (D:4)
  5 tentacles (Shoals:4)
24 creatures vanquished.

Grand Total: 2138 creatures vanquished

Notes
Turn   | Place    | Note
-------+----------+-------------------------------------------
     0 | D:1      | juan097 the Draconian Brigand began the quest for the Orb.
     0 | D:1      | Reached XP level 1. HP: 17/17 MP: 1/1
    19 | D:1      | Reached skill level 1 in Dodging
    39 | D:1      | Reached XP level 2. HP: 23/24 MP: 2/2
   201 | D:1      | Found Vameic's Weapon Shop.
   514 | D:2      | Reached XP level 3. HP: 22/29 MP: 3/3
   793 | D:2      | Learned a level 1 spell: Apportation
  1315 | D:3      | Noticed Sigmund
  1372 | D:3      | Reached XP level 4. HP: 36/36 MP: 4/4
  1473 | D:3      | Found an opulent altar of Gozag.
  1526 | D:3      | Noticed Robin
  1613 | D:2      | Killed Robin
  1815 | D:3      | Found a hazy altar of Hepliaklqana.
  1816 | D:3      | Found a shadowy altar of Dithmenos.
  1817 | D:3      | Noticed a shadow
  1907 | D:3      | Found a faded altar of an unknown god.
  1957 | D:3      | Found a transporter.
  1958 | D:3      | Noticed a bullfrog
  1958 | D:3      | Noticed a bullfrog
  1960 | D:3      | Noticed a black bear
  1960 | D:3      | Noticed a bullfrog
  1962 | D:3      | Found a transporter.
  1970 | D:3      | Found a sparkling altar of Nemelex Xobeh.
  2028 | D:3      | Noticed Natasha
  2041 | D:3      | Killed Natasha
  2042 | D:3      | Reached XP level 5. HP: 33/41 MP: 5/5
  2643 | D:4      | Noticed a phantom
  2750 | D:4      | Reached skill level 5 in Short Blades
  3219 | D:4      | Reached XP level 6. HP: 26/48 MP: 6/6
  3468 | D:4      | Found a staircase to the Ecumenical Temple.
  3537 | Temple   | Entered the Ecumenical Temple
  3649 | D:3      | Became a worshipper of Gozag Ym Sagoz the Greedy
  3867 | D:4      | Reached skill level 1 in Shields
  3979 | D:4      | Your scales start taking on a glossy black colour.
  3979 | D:4      | Reached XP level 7. HP: 49/56 MP: 7/7
  3979 | D:4      | Gained mutation: You are resistant to electric shocks.
                  | (rElec) [Black Draconian growth]
  4009 | D:4      | Reached skill level 3 in Fighting
  4055 | D:4      | Found Umyddeil's Antique Weapon Emporium.
  4061 | D:4      | Bought a glowing dagger for 155 gold pieces
  4169 | D:4      | Noticed Grinder
  4203 | D:4      | Killed Grinder
  4296 | D:4      | Found a bloodstained altar of Trog.
  4443 | D:5      | Entered Level 5 of the Dungeon
  4842 | D:5      | Noticed a two-headed ogre
  5061 | D:5      | Reached XP level 8. HP: 66/66 MP: 8/8
  5115 | D:5      | Reached skill level 4 in Fighting
  5192 | D:5      | Found Zoumotz's Magic Scroll Boutique.
  5196 | D:5      | Found Cytte's Book Emporium.
  5207 | D:5      | Found Oschir's Armour Emporium.
  5245 | D:5      | Bought a scroll of identify for 22 gold pieces
  5245 | D:5      | Bought 2 scrolls of butterflies for 88 gold pieces
  5384 | D:5      | Noticed Blork the orc
  5387 | D:5      | Killed Blork the orc
  5411 | D:5      | Killed a two-headed ogre
  5412 | D:5      | Reached skill level 5 in Fighting
  5493 | D:5      | Bought a +0 pair of boots of stealth for 126 gold pieces
  5695 | D:6      | Reached XP level 9. HP: 70/74 MP: 9/9
  5735 | D:6      | Reached skill level 6 in Fighting
  5753 | D:6      | Found a broken altar of Ashenzari.
  5753 | D:6      | Found a glowing silver altar of Zin.
  6107 | D:5      | Bought a scroll of poison for 44 gold pieces
  6107 | D:5      | Bought a scroll of revelation for 82 gold pieces
  6107 | D:5      | Bought 3 scrolls of identify for 66 gold pieces
  6204 | D:6      | Reached skill level 1 in Ranged Weapons
  6210 | D:6      | Noticed Eustachio
  6285 | D:6      | Killed Eustachio
  6793 | D:7      | Found a glowing golden altar of the Shining One.
  6977 | D:7      | Noticed Pikel
  7013 | D:6      | Killed Pikel
  7037 | D:7      | Noticed Maggie
  7253 | D:7      | Reached skill level 5 in Stealth
  7253 | D:7      | Reached skill level 5 in Shields
  7340 | D:7      | Reached XP level 10. HP: 84/84 MP: 10/10
  7402 | D:7      | Reached skill level 7 in Fighting
  7585 | D:7      | Found a white marble altar of Elyvilon.
  7676 | D:7      | Found Bol Bixo's Distillery.
  7682 | D:7      | Bought a potion of lignification for 30 gold pieces
  7682 | D:7      | Bought a potion of curing for 30 gold pieces
  8374 | D:5      | Bought a scroll of identify for 22 gold pieces
  8374 | D:5      | Bought a scroll of identify for 22 gold pieces
  8495 | D:7      | Reached skill level 5 in Throwing
  8517 | D:7      | Bought a potion of mutation for 80 gold pieces
  8633 | D:8      | Reached skill level 5 in Dodging
  8974 | D:8      | Found a staircase to the Lair.
  9669 | D:8      | Found a basalt altar of Yredelemnul.
  9901 | D:8      | Noticed Grum
  9925 | D:8      | Killed Grum
 10213 | Lair:1   | Entered Level 1 of the Lair of Beasts
 10493 | Lair:1   | Noticed a cane toad
 10582 | D:8      | Killed a cane toad
 10583 | D:8      | Reached skill level 8 in Fighting
 10761 | Lair:1   | Reached XP level 11. HP: 87/94 MP: 11/11
 10995 | D:8      | Reached skill level 1 in Long Blades
 11340 | Lair:1   | Reached skill level 5 in Long Blades
 11539 | Lair:1   | Upgraded the game from 0.31-a0-321-g19405a7a6a to
                  | 0.31-a0-325-g067879e3d3
 12579 | Lair:2   | Found a staircase to the Snake Pit.
 12603 | Lair:2   | Reached XP level 12. HP: 60/103 MP: 12/12
 12834 | Lair:2   | Found a staircase to the Shoals.
 12851 | Lair:2   | Noticed an eight-headed hydra
 13155 | Lair:3   | Reached skill level 9 in Fighting
 13268 | Lair:3   | Noticed an eight-headed hydra
 13334 | Lair:2   | Noticed a catoblepas
 13361 | Lair:2   | Killed a catoblepas
 13513 | D:9      | Found a blossoming altar of Fedhas.
 14082 | D:9      | Noticed a two-headed ogre
 14099 | D:9      | Killed a two-headed ogre
 14410 | D:10     | Entered Level 10 of the Dungeon
 14757 | D:10     | Reached skill level 10 in Fighting
 14903 | D:10     | Found a shimmering blue altar of Sif Muna.
 15357 | D:9      | Found a shimmering altar of Xom.
 15453 | D:11     | Learned a level 2 spell: Passwall
 15511 | D:11     | Reached skill level 10 in Long Blades
 15968 | D:11     | Reached skill level 1 in Spellcasting
 15968 | D:11     | Reached skill level 1 in Transmutations
 16043 | D:11     | Reached skill level 1 in Earth Magic
 16352 | D:11     | Found Aclugein's Assorted Antiques.
 16361 | D:11     | Bought a jade ring for 170 gold pieces
 16361 | D:11     | Bought an encrusted scimitar for 306 gold pieces
 16361 | D:11     | Identified the +3 scimitar of Qonageixadgh {holy, Dex+3}
                  | (You bought it in a shop on level 11 of the Dungeon)
 16368 | D:11     | Found a staircase to the Orcish Mines.
 16645 | D:11     | Found Caabbogire's Assorted Antiques.
 16654 | D:11     | Bought a bound steel ring for 120 gold pieces
 16654 | D:11     | Identified the ring "Sel Camp" {rElec rF+ Will- Str+4 SInv}
                  | (You bought it in a shop on level 11 of the Dungeon)
 16677 | D:11     | Bought 2 potions of heal wounds for 240 gold pieces
 16748 | D:11     | Bought a scroll of identify for 68 gold pieces
 16760 | Orc:1    | Entered Level 1 of the Orcish Mines
 16842 | Orc:1    | Found a transporter.
 17197 | Orc:1    | Noticed Piadonn's ghost (journeyman MiBe)
 17207 | Orc:1    | Found a transporter.
 17664 | Orc:2    | Entered Level 2 of the Orcish Mines
 17664 | Orc:2    | Found a gate leading to a gauntlet.
 17798 | Gauntlet | Entered a Gauntlet
 17798 | Gauntlet | Noticed a catoblepas
 17798 | Gauntlet | Found a transporter.
 17798 | Gauntlet | Found a transporter.
 17798 | Gauntlet | Found a transporter.
 17798 | Gauntlet | Found a transporter.
 17812 | Gauntlet | Found a transporter.
 17812 | Gauntlet | Found a transporter.
 17826 | Gauntlet | Found a transporter.
 17826 | Gauntlet | Found a transporter.
 17838 | Gauntlet | Found a transporter.
 17842 | Gauntlet | Noticed a balrug
 17939 | Gauntlet | Found a transporter.
 17943 | Gauntlet | Found a transporter.
 17955 | Gauntlet | Found a transporter.
 18455 | Gauntlet | Killed a balrug
 18456 | Gauntlet | Reached XP level 13. HP: 53/113 MP: 16/16
 18681 | Gauntlet | Identified the +4 arbalest of Luamm {drain, rC++ Int+3}
 18681 | Gauntlet | Noticed a minotaur
 18694 | Gauntlet | Killed a minotaur
 18734 | Gauntlet | Got Zonilenu's Discursus on the Sun and the Swarm
 19151 | Orc:2    | Found Zenouv's Distillery.
 19324 | Orc:2    | Found a staircase to the Elven Halls.
 19473 | Orc:1    | Reached skill level 1 in Translocations
 19473 | Orc:1    | Reached skill level 5 in Transmutations
 20260 | Orc:2    | Found Afolat's Weapon Shop.
 20325 | Orc:2    | Found Iluotukh's Armour Shop.
 20327 | Orc:2    | Found Voluack's Magic Scroll Shoppe.
 20336 | Orc:2    | Bought a scroll of noise for 18 gold pieces
 21507 | Lair:3   | Reached skill level 1 in Shapeshifting
 24048 | Lair:5   | Entered Level 5 of the Lair of Beasts
 24056 | Lair:5   | Gained mutation: Your large and strong wings let you fly.
                  | [Black Draconian growth]
 24056 | Lair:5   | Reached XP level 14. HP: 122/122 MP: 17/17
 24892 | Lair:5   | Reached skill level 11 in Fighting
 25239 | Lair:5   | Reached skill level 5 in Shapeshifting
 26718 | Lair:5   | Found a runed translucent door.
 26720 | Lair:5   | Found a staircase to the Slime Pits.
 27470 | Lair:5   | Identified the staff "Qinux" {rF+ Dex+8 Fire}
 27764 | D:12     | Noticed Kirke
 27780 | D:12     | Killed Kirke
 28165 | D:12     | Noticed Frances
 28190 | D:12     | Killed Frances
 28882 | D:12     | Reached XP level 15. HP: 132/132 MP: 18/18
 29919 | D:13     | Noticed Erolcha
 29934 | D:13     | Killed Erolcha
 30180 | D:13     | Found a portal to a secret trove of treasure.
 30431 | D:14     | Found a frozen archway.
 30603 | IceCv    | Entered an ice cave
 32790 | IceCv    | Noticed an Ice Fiend
 33610 | IceCv    | Killed an Ice Fiend
 34180 | D:4      | Bought the +8 Vampire's Tooth {megavamp} for 1860 gold
                  | pieces
 34180 | D:4      | Found the +8 Vampire's Tooth {megavamp}
 34226 | Temple   | Fell from the grace of Gozag
 34226 | Temple   | Became a worshipper of the Wu Jian Council
 34561 | D:14     | Noticed Lodul
 34565 | D:14     | Reached skill level 10 in Shapeshifting
 34592 | D:14     | Killed Lodul
 34721 | D:14     | Reached skill level 10 in Short Blades
 34758 | D:14     | Found a gate to the Vaults.
 34927 | D:15     | Entered Level 15 of the Dungeon
 34942 | D:15     | Reached * piety under Wu Jian
 35346 | D:15     | Paralysed by a great orb of eyes for 2 turns
 35597 | D:15     | Reached ** piety under Wu Jian
 35683 | D:15     | Reached XP level 16. HP: 139/139 MP: 19/19
 36085 | D:15     | Found a staircase to the Depths.
 36311 | Snake:1  | Entered Level 1 of the Snake Pit
 36400 | Snake:1  | Learned a level 3 spell: Ozocubu's Armour
 36403 | Snake:1  | Learned a level 2 spell: Blink
 37151 | Snake:1  | Reached *** piety under Wu Jian
 37478 | Snake:2  | Reached skill level 5 in Translocations
 37761 | Snake:2  | Found Cidgh's General Store.
 37773 | Snake:2  | Reached **** piety under Wu Jian
 38799 | Snake:3  | Identified the ring "Buemytuu" {rC+ Str-5 Int+4 Slay+4
                  | SInv}
 39315 | Snake:4  | Entered Level 4 of the Snake Pit
 39340 | Snake:4  | Reached XP level 17. HP: 146/146 MP: 21/21
 39393 | Snake:4  | Reached skill level 10 in Shields
 39524 | Snake:4  | Found a flickering gateway to a bazaar.
 39594 | Bazaar   | Entered a bazaar
 39594 | Bazaar   | Found Jucosen's Book Boutique.
 39594 | Bazaar   | Found Qurouxun's Antique Weapon Shop.
 39594 | Bazaar   | Found Piunicsu's Antique Weapon Boutique.
 39594 | Bazaar   | Found Ocweo's Assorted Antiques.
 39594 | Bazaar   | Found Cuugang's Book Boutique.
 39619 | Bazaar   | Bought a glowing sling for 108 gold pieces
 39628 | Bazaar   | Bought a sapphire ring for 125 gold pieces
 39634 | Bazaar   | Bought a scroll of enchant weapon for 187 gold pieces
 39634 | Bazaar   | Bought a wand of light (5) for 525 gold pieces
 39634 | Bazaar   | Bought a wand of light (3) for 315 gold pieces
 39819 | Snake:4  | Reached skill level 1 in Evocations
 39830 | Snake:4  | Was forgiven by Gozag
 40240 | Snake:4  | Reached skill level 10 in Stealth
 40242 | Snake:4  | Reached ***** piety under Wu Jian
 40754 | Snake:4  | Reached skill level 5 in Evocations
 40865 | Snake:4  | Got a serpentine rune of Zot
 41396 | Shoals:1 | Entered Level 1 of the Shoals
 41565 | Shoals:1 | Reached skill level 1 in Ice Magic
 41581 | Shoals:1 | Noticed Donald
 41789 | Shoals:1 | Killed Donald
 42269 | Shoals:1 | Reached skill level 12 in Fighting
 42455 | Shoals:2 | Reached skill level 10 in Dodging
 42473 | Shoals:2 | Noticed Ilsuiw
 42761 | Shoals:2 | Killed Ilsuiw
 42762 | Shoals:2 | Reached XP level 18. HP: 155/155 MP: 22/22
 43443 | Shoals:3 | Identified a scroll of acquirement
 43542 | Shoals:3 | Acquired a manual of Dodging
 43565 | Shoals:3 | Reached ****** piety under Wu Jian
 43600 | Shoals:3 | Reached skill level 5 in Ice Magic
 43649 | Shoals:3 | Reached skill level 13 in Fighting
 44291 | Shoals:4 | Entered Level 4 of the Shoals
 44303 | Shoals:4 | Noticed Mara
 44311 | Shoals:4 | Noticed juan097's illusion
 44583 | Shoals:4 | Noticed juan097's illusion
 44601 | Shoals:4 | Killed Mara
 44847 | Shoals:4 | Noticed Polyphemus
 45055 | Shoals:4 | HP: 3/159 [satyr/arrow (19)]
 45235 | Shoals:4 | Killed Polyphemus
 45260 | Shoals:4 | Reached skill level 14 in Fighting
 45469 | Shoals:4 | Identified the +7 short sword of Vuatwer {heavy, rF++
                  | Str+2}
 45600 | Shoals:4 | Got a barnacled rune of Zot
 45931 | Vaults:1 | Entered Level 1 of the Vaults
 46232 | Vaults:1 | Reached skill level 15 in Dodging
 46296 | Vaults:1 | Reached XP level 19. HP: 167/167 MP: 23/23
 46893 | Vaults:1 | Noticed Nikola
 46897 | Vaults:1 | Killed Nikola
 48142 | Vaults:2 | Reached skill level 15 in Fighting
 48588 | Vaults:3 | Reached skill level 16 in Fighting
 48860 | Vaults:3 | Reached XP level 20. HP: 181/181 MP: 24/24
 49200 | Vaults:3 | Found a staircase to the Crypt.
 49200 | Vaults:3 | Found a basalt altar of Yredelemnul.
 49200 | Vaults:3 | Found an ancient bone altar of Kikubaaqudgha.
 49355 | Vaults:4 | Noticed Bai Suzhen
 49386 | Vaults:4 | Killed Bai Suzhen
 49401 | Vaults:4 | Noticed Mennas
 49444 | Vaults:4 | Killed Mennas
 50084 | Vaults:4 | Reached skill level 17 in Fighting
 50398 | Vaults:5 | Entered Level 5 of the Vaults
 50415 | Vaults:5 | Reached skill level 10 in Evocations
 50416 | Vaults:5 | Noticed a golden dragon
 50425 | Vaults:5 | Killed a golden dragon
 50491 | Vaults:5 | Reached XP level 21. HP: 184/193 MP: 25/25
 50513 | Vaults:5 | Reached skill level 18 in Fighting
 50700 | Vaults:5 | Noticed a dread lich
 50704 | Vaults:5 | Killed a dread lich
 50717 | Vaults:5 | Acquired a manual of Long Blades
 51061 | Vaults:5 | Found Qiafufus's Magic Scroll Shoppe.
 51434 | Vaults:5 | Identified the amulet "Roculuw" {Faith rElec}
 51673 | Vaults:5 | Got Detaur's Handbook of Topomancy and the Scorpion
 51698 | Vaults:5 | Identified the +0 quarterstaff "Zeum" {venom, Fragile rPois
                  | Str+4 Dex+2}
 51731 | Vaults:5 | Reached skill level 19 in Fighting
 51949 | Vaults:5 | Got a silver rune of Zot
 52657 | Depths:1 | Entered Level 1 of the Depths
 52859 | Depths:1 | Found a one-way gate to the infinite horrors of the Abyss.
 53119 | Depths:1 | Reached skill level 20 in Fighting
 53180 | Depths:1 | Reached skill level 5 in Ranged Weapons
 53362 | Depths:1 | Found a one-way gate leading to the halls of Pandemonium.
 53857 | Depths:1 | Found a gateway to Hell.
 54444 | Depths:1 | Reached XP level 22. HP: 209/209 MP: 26/26
 54560 | Depths:2 | Found Ziusyugh's Weapon Emporium.
 55127 | Depths:3 | Noticed a golden dragon
 55134 | Depths:3 | Killed a golden dragon
 55191 | Depths:3 | Found a one-way gateway to a ziggurat.
 55405 | Depths:3 | Found a snail-covered altar of Cheibriados.
 55406 | Depths:3 | Found a shimmering blue altar of Sif Muna.
 55407 | Depths:3 | Found a white marble altar of Elyvilon.
 55483 | Depths:3 | Noticed a juggernaut
 55505 | Depths:3 | Killed a juggernaut
 55649 | Depths:3 | Identified the +1 ring mail "Urowkid" {Rampage rF- rN+
                  | Str+3}
 55664 | Depths:3 | Paralysed by a sphinx for 4 turns
 55836 | Depths:3 | Noticed a caustic shrike
 55862 | Depths:3 | Killed a caustic shrike
 56293 | Depths:3 | Noticed a juggernaut
 56319 | Depths:3 | Killed a juggernaut
 56419 | Depths:3 | Noticed a juggernaut
 56442 | Depths:3 | Killed a juggernaut
 56509 | Depths:3 | Noticed a golden dragon
 56514 | Depths:3 | Reached skill level 15 in Shields
 56539 | Depths:3 | Killed a golden dragon
 56613 | Depths:3 | Identified the +8 spear of Taul {spect, *Slow rF+ SInv}
 56884 | Depths:3 | Reached skill level 21 in Fighting
 56988 | Depths:4 | Entered Level 4 of the Depths
 57094 | Depths:4 | Learned a level 3 spell: Vhi's Electric Charge
 57238 | Depths:4 | Noticed a juggernaut
 57264 | Depths:4 | Killed a juggernaut
 57265 | Depths:4 | Reached skill level 1 in Air Magic
 57332 | Depths:4 | Reached XP level 23. HP: 130/220 MP: 27/27
 57442 | Depths:4 | Found a gate to the Realm of Zot.
 57938 | Depths:4 | Found an ornate altar of the Wu Jian Council.
 58307 | Zot:1    | Entered Level 1 of the Realm of Zot
 58312 | Zot:1    | Reached skill level 5 in Air Magic
 58367 | Zot:1    | Noticed an orb of fire
 58369 | Zot:1    | Gained mutation: You occasionally lose the ability to read
                  | scrolls when taking damage. [an orb of fire]
 58398 | Zot:1    | Killed an orb of fire
 58456 | Zot:1    | Reached skill level 22 in Fighting
 58464 | Zot:1    | Noticed an orb of fire
 58473 | Zot:1    | Killed an orb of fire
 58660 | Zot:1    | Reached skill level 23 in Fighting
 59005 | Zot:1    | Identified the +6 chain mail of Abstinence {+Inv rPois
                  | Dex-5 Stlth-}
 59820 | Elf:1    | Entered Level 1 of the Elven Halls
 59959 | Elf:1    | Identified the +2 robe of Fanaticism {Stlth+}
 60049 | Elf:1    | Found a huge runed gate.
 60049 | Elf:1    | Found a huge runed gate.
 60049 | Elf:1    | Found a huge runed gate.
 60050 | Elf:1    | Found a huge runed gate.
 60051 | Elf:1    | Found a huge runed gate.
 60052 | Elf:1    | Found a huge runed gate.
 60052 | Elf:1    | Found a huge runed gate.
 60053 | Elf:1    | Found a huge runed gate.
 60053 | Elf:1    | Found a huge runed gate.
 60053 | Elf:1    | Found a huge runed gate.
 60058 | Elf:1    | Found a huge runed gate.
 60058 | Elf:1    | Found a huge runed gate.
 60058 | Elf:1    | Found a huge runed gate.
 60058 | Elf:1    | Found a huge runed gate.
 60058 | Elf:1    | Found a huge runed gate.
 60058 | Elf:1    | Found a huge runed gate.
 60059 | Elf:1    | Found a huge runed gate.
 60060 | Elf:1    | Found a huge runed gate.
 60061 | Elf:1    | Found a huge runed gate.
 60108 | Elf:1    | Found a huge runed gate.
 60108 | Elf:1    | Found a huge runed gate.
 60109 | Elf:1    | Found a huge runed gate.
 60109 | Elf:1    | Found a huge runed gate.
 60109 | Elf:1    | Found a huge runed gate.
 60111 | Elf:1    | Found a huge runed gate.
 60112 | Elf:1    | Found a huge runed gate.
 60113 | Elf:1    | Found a huge runed gate.
 60116 | Elf:1    | Found a huge runed gate.
 60123 | Elf:1    | Found a huge runed gate.
 60123 | Elf:1    | Found a huge runed gate.
 60127 | Elf:1    | Found a huge runed gate.
 60128 | Elf:1    | Found a huge runed gate.
 60130 | Elf:1    | Found a huge runed gate.
 60131 | Elf:1    | Found a huge runed gate.
 60132 | Elf:1    | Found a huge runed gate.
 60133 | Elf:1    | Found a huge runed gate.
 60284 | Elf:1    | Reached XP level 24. HP: 236/237 MP: 27/27
 60326 | Elf:1    | Identified the +6 tower shield "Zonabrull" {rF- Int+3
                  | Stlth+}
 60326 | Elf:1    | Noticed Louise
 60330 | Elf:1    | Killed Louise
 60560 | Elf:1    | Got the Volume of Phantasmal Bombardment
 60724 | Elf:1    | Reached skill level 24 in Fighting
 61199 | Elf:2    | Found a shimmering blue altar of Sif Muna.
 61326 | Elf:2    | Found a runed translucent gate.
 61327 | Elf:2    | Found a runed translucent gate.
 61327 | Elf:2    | Found a runed translucent gate.
 61387 | Elf:2    | Found Weiblez's Weapon Shoppe.
 61918 | Elf:3    | Entered Level 3 of the Elven Halls
 61918 | Elf:3    | Found Saorgh's Book Shoppe.
 62248 | Elf:3    | Noticed Zenata
 62269 | Elf:3    | Killed Zenata
 62281 | Elf:3    | Identified the +3 leather armour of Lunui {+Blink Stlth+}
 62363 | Elf:3    | Identified the staff of the Endless Expanse {Drain +Blink
                  | rF+ Dex+3 Fire}
 62543 | Elf:3    | Identified the +6 arbalest of Wyrd {antimagic, rElec rF+
                  | Int+3}
 62555 | Elf:3    | Identified the staff "Onamekai" {Will+ Earth}
 63136 | Zot:2    | Reached skill level 25 in Fighting
 64494 | Zot:3    | Reached XP level 25. HP: 190/250 MP: 27/27
 64704 | Zot:3    | Found a transporter.
 64719 | Zot:3    | Found a transporter.
 64768 | Zot:3    | Found a transporter.
 64806 | Zot:3    | Found a transporter.
 65388 | Zot:1    | Lost mutation: You occasionally lose the ability to read
                  | scrolls when taking damage. [potion of mutation]
 65388 | Zot:1    | Gained mutation: You are weak. (Str -2) [potion of
                  | mutation]
 65388 | Zot:1    | Gained mutation: A frigid envelope surrounds you and
                  | freezes all who hurt you. [potion of mutation]
 66504 | Zot:5    | Entered Level 5 of the Realm of Zot
 66528 | Zot:5    | Noticed an orb of fire
 66540 | Zot:5    | Gained mutation: You have hidden genetic defects. [an orb
                  | of fire]
 66541 | Zot:5    | Killed an orb of fire
 66854 | Vaults:2 | Lost mutation: A frigid envelope surrounds you and freezes
                  | all who hurt you. [potion of mutation]
 66854 | Vaults:2 | Lost mutation: You have hidden genetic defects. [potion of
                  | mutation]
 66854 | Vaults:2 | Lost mutation: You are weak. (Str -2) [potion of mutation]
 66854 | Vaults:2 | Gained mutation: You are frail. (-10% HP) [potion of
                  | mutation]
 66854 | Vaults:2 | Gained mutation: Your tail ends in a venomous barb. [potion
                  | of mutation]
 66854 | Vaults:2 | Gained mutation: You have large cloven feet. [potion of
                  | mutation]
 67370 | Zot:5    | Noticed an orb of fire
 67370 | Zot:5    | Noticed a Killer Klown
 67370 | Zot:5    | Noticed an orb of fire
 67373 | Zot:5    | Noticed a Killer Klown
 67379 | Zot:5    | Gained mutation: You are weak. (Str -2) [an orb of fire]
 67380 | Zot:5    | Noticed an orb of fire
 67381 | Zot:5    | Noticed a Killer Klown
 67382 | Zot:5    | Reached skill level 26 in Fighting
 67382 | Zot:5    | Noticed a dread lich
 67384 | Zot:5    | Noticed a Killer Klown
 67384 | Zot:5    | Noticed an orb of fire
 67385 | Zot:5    | Gained mutation: You are vulnerable to cold. (rC-) [an orb
                  | of fire]
 67386 | Zot:5    | Killed an orb of fire
 67387 | Zot:5    | Killed a Killer Klown
 67389 | Zot:5    | Lost mutation: You are vulnerable to cold. (rC-) [an orb of
                  | fire]
 67390 | Zot:5    | Gained mutation: You have hidden genetic defects. [an orb
                  | of fire]
 67392 | Zot:5    | Killed an orb of fire
 67393 | Zot:5    | Killed a Killer Klown
 67394 | Zot:5    | Reached skill level 10 in Throwing
 67395 | Zot:5    | Gained mutation: You are vulnerable to cold. (rC-) [an orb
                  | of fire]
 67397 | Zot:5    | Killed a Killer Klown
 67398 | Zot:5    | Killed an orb of fire
 67400 | Zot:5    | Killed an orb of fire
 67401 | Zot:5    | Killed a dread lich
 67410 | Zot:5    | Killed a Killer Klown
 67437 | Zot:5    | Gained mutation: You are very vulnerable to cold. (rC--)
                  | [hidden defects]
 67460 | Zot:5    | Noticed a Killer Klown
 67461 | Zot:5    | Noticed an orb of fire
 67463 | Zot:5    | Noticed a dread lich
 67463 | Zot:5    | Noticed a Killer Klown
 67464 | Zot:5    | Noticed a Killer Klown
 67464 | Zot:5    | Noticed an orb of fire
 67466 | Zot:5    | Noticed a Killer Klown
 67470 | Zot:5    | Killed a dread lich
 67473 | Zot:5    | Killed a Killer Klown
 67476 | Zot:5    | Killed a Killer Klown
 67480 | Zot:5    | Gained mutation: Your body sometimes deteriorates upon
                  | taking damage. [an orb of fire]
 67481 | Zot:5    | Killed a Killer Klown
 67482 | Zot:5    | Reached XP level 26. HP: 209/234 MP: 0/27
 67485 | Zot:5    | Killed an orb of fire
 67486 | Zot:5    | Gained mutation: You occasionally lose the ability to read
                  | scrolls when taking damage. [an orb of fire]
 67487 | Zot:5    | Killed an orb of fire
 67489 | Zot:5    | Gained mutation: You are very frail. (-20% HP) [hidden
                  | defects]
 67489 | Zot:5    | Lost mutation: You have hidden genetic defects. [hidden
                  | defects expressed]
 67522 | Zot:5    | Got the Orb of Zot
 68023 | D:7      | Noticed Tixor the pandemonium lord
 68041 | D:7      | Killed Tixor the pandemonium lord
 68041 | D:7      | Killed from afar by an Ice Fiend

Illustrated notes

Levels and vault maps discovered:
D:1:      scummos_arrival_simple_crosswalls, layout_rooms, serial_shops,
          nicolae_shop_scrapyard
D:2:      layout_basic
D:3:      layout_loops_ring, riverfiend_overflow_shadow_ancestor,
          gammafunk_temple_overflow_arena,
          nicolae_gozag_cash_rules_everything_around_me, basic_ecumenical_altar,
          grunt_ministairs_3, patterned_corridor, uniq_natasha, uniq_sigmund,
          uniq_robin
D:4:      minmay_spotlight, layout_basic, trog_hazing_becter,
          minmay_temple_entry_waves, serial_shops, shop, minmay_misc_feat_iff,
          uniq_grinder
D:5:      layout_basic, nicolae_wooded_promenade, uniq_blork_the_orc
D:6:      layout_basic, jmf_multi_god_temple, uniq_eustachio
D:7:      nicolae_cairo_tiling_very_big, layout_gridville,
          kennysheep_little_box, marbit_many_paths, serial_shops,
          nicolae_diamond_shop, nrook_uturn, serial_park_tiny_1, uniq_maggie,
          uniq_pikel
D:8:      layout_loops_ring, nicolae_yredelemnul_corpse_copse,
          david_lair_shrubbed, uniq_grum
D:9:      layout_loops_ring, fedhas_altar_fruit_tree,
          nicolae_overflow_hidden_temple
D:10:     layout_roguey, mainiacjoe_overflow_small_starburst
D:11:     cheibrodos_magma_flow, layout_basic, minmay_orc_entry_temple_small,
          serial_shops, nicolae_shop_overgrown_old_shop, shop
D:12:     layout_irregular_city, uniq_frances, uniq_kirke
D:13:     layout_basic, nicolae_trove_entry_columns, uniq_erolcha
D:14:     layout_roguey, erik_vaults_2, portal_ice_cave_entry_pillars_1,
          uniq_lodul
D:15:     gammafunk_enter_depths_forms, layout_basic
Temple:   kb_corrupted_temple
Lair:1:   layout_regular_city, infiniplex_staircase_pool_2, grunt_megastairs_1
Lair:2:   layout_cave_pods, elwin_shoals_entry_rocks,
          guppyfry_snake_entry_garden, lemuel_fruit_tree
Lair:3:   minmay_lair_venomous_thicket, layout_regular_city, grunt_megastairs_2
Lair:4:   layout_long_grid, st_stairs_8, chequers_serial_rivers_micro_e,
          minmay_holes, serial_bayou_shore_b
Lair:5:   hangedman_lair_in_review, layout_regular_city, slime_entry_2,
          nzn_sisyphean_effort
Shoals:1: layout_shoals, nicolae_shoals_land_atoll, nicolae_shoals_so_close,
          uniq_donald
Shoals:2: layout_shoals, uniq_ilsuiw
Shoals:3: layout_shoals, nicolae_shoals_nautilus_by_nature,
          nicolae_shoals_wave_tunnel
Shoals:4: shoals_end_hellmonk_lost_city, uniq_polyphemus, uniq_mara
Snake:1:  layout_misc_corridors
Snake:2:  layout_chambers, serial_shops, nicolae_shop_advertising_works
          [nicolae_subvault_shop_adworks], serial_bayou_lagoon_a,
          serial_bayou_pond_e, nicolae_snake_springs
Snake:3:  layout_gridlike, nicolae_elevator_lobby_plus
Snake:4:  grunt_snake_rune_serpentine_throne, layout_chambers, serial_shops,
          bzr_in_the_mist, grunt_megastairs_5, serial_bayou_shore_a
Orc:1:    layout_caves, basic_altar, gammafunk_ghost_arena, minmay_orc_barracks
Orc:2:    st_orc_elflike, layout_caves, gauntlet_entry_generic
Elf:1:    eino_elf_arrival_sip, layout_loops_corners, minmay_elf_sorcery,
          nicolae_concentric_dashed_squares_mild, not_door_vault_due,
          uniq_louise
Elf:2:    nicolae_elf_blades_crystal_corner, layout_onion_city, basic_altar,
          serial_shops, nicolae_shop_stone
Elf:3:    minmay_elf_hall_quartered_circle, layout_gridlike, serial_shops,
          nicolae_book_shop_shelving, uniq_zenata
Vaults:1: nicolae_vaults_house_2, v_misc_11,
          nicolae_vaults_windows_and_doors_thing,
          nicolae_vaults_variable_pillar_hall_cross,
          ontoclasm_vaults_decontamination, v_rooms_1, nicolae_vaults_tangram_2,
          vaults_room_pool, hangedman_vaults_stream,
          nicolae_vaults_little_squares_3, ontoclasm_vaults_bender,
          nicolae_vaults_meeting, layout_vaults_omnibox, uniq_nikola
Vaults:2: nicolae_vaults_closet_pinwheel_2, vaults_room_semicircle,
          vaults_mumra_minichess_inversion, vaults_mumra_minichess,
          nicolae_vaults_spaceships, vaults_dpeg_emergency_exit,
          hangedman_vaults_variations, nicolae_vaults_door_testing_chamber,
          nicolae_vaults_offset_grid_hallway_3, nicolae_vaults_little_squares_4,
          layout_vaults_ring
Vaults:3: vaults_room_stairs_pillars, vaults_standard_mumra_enter_the_diamond,
          nicolae_vaults_network_quincunx
          [nicolae_vaults_network_quincunx_subvault,
          nicolae_vaults_network_quincunx_subvault,
          nicolae_vaults_network_quincunx_subvault,
          nicolae_vaults_network_quincunx_subvault,
          nicolae_vaults_network_quincunx_subvault],
          nicolae_vaults_closet_pinwheel_5, minmay_crypt_entry_necro_gods,
          nicolae_vaults_trapezoid_3, dpeg_vaults_monster_box, v_misc_8,
          nicolae_vaults_wine_cellar, hangedman_vaults_corner_blocks,
          layout_vaults_maze_snakey
Vaults:4: st_more_cells, v_misc_33, nicolae_vaults_diamond_1,
          ontoclasm_vaults_ring_small, nicolae_vaults_two_Ls, v_misc_19,
          nicolae_vaults_trapezoid_lopsided_1, nicolae_vaults_tetromino_T_2,
          ontoclasm_vaults_gateway, v_pattern_2, layout_vaults_omnigrid,
          uniq_bai_suzhen, uniq_mennas, uniq_margery
Vaults:5: serial_shops
Depths:1: layout_gridlike, hangedman_decor_riveting, abyss_entry,
          grunt_hell_entry_dis_grunt, grunt_pan_entry_sceptre,
          chequers_big_river, feat_on_display
Depths:2: nicolae_hitomezashi [nicolae_hito_row, nicolae_hito_row,
          nicolae_hito_row, nicolae_hito_row, nicolae_hito_row,
          nicolae_hito_row, nicolae_hito_row, nicolae_hito_row,
          nicolae_hito_row, nicolae_hito_row, nicolae_hito_row,
          nicolae_hito_row, nicolae_hito_row, nicolae_hito_row,
          nicolae_hito_row, nicolae_hito_row, nicolae_hito_row,
          nicolae_hito_row], layout_basic, pan_entry, grunt_decor_junction,
          hell_entry, kennysheep_cluttered_room, minmay_misc_feat_diagonals,
          kennysheep_small_circle
Depths:3: hangedman_slaughterboxes, hell_entry, abyss_entry
Depths:4: grunt_crosshair, layout_long_grid, pdpol_wu_jian_five_deadly_venoms,
          grunt_mini_vestibule, rand_demon_pan_entry_3,
          chequers_serial_rivers_small_a
Zot:1:    layout_misc_corridors, zot_minivault_2, grunt_megastairs_3
Zot:2:    layout_concentric_octagons, hangedman_zot_gyre
Zot:3:    layout_onion_interference, nicolae_diode_intersection
Zot:4:    layout_gridlike
Zot:5:    layout_misc_corridors

Skill      XL: |  1  2  3  4  5  6  7  8  9 10 11 12 13 14 15 16 17 18 19 20 21 22 23 24 25 26 |
---------------+-------------------------------------------------------------------------------+-----
Dodging        | 1 2 3 4 5 6 8 9 10 15 16 17 18 19 20 | 20.0
Stealth        | 4 5 6 8 10 | 10.0
Short Blades   | 3 4 5 6 8 9 10 11 | 11.6
Throwing       | 2 3 4 5 6 13 14 | 14.0
Shields        | 1 2 4 5 6 8 9 12 13 14 15 16 | 16.0
Fighting       | 3 5 6 8 10 11 12 14 16 17 20 21 23 25 26 | 26.5
Ranged Weapons | 2 4 8 |  8.0
Long Blades    | 8 10 11 12 13 14 | 14.4
Spellcasting   | 2 3 |  3.0
Transmutations | 3 6 |  6.0
Earth Magic    | 3 4 |  4.0
Translocations | 4 6 |  6.0
Shapeshifting  | 3 7 11 12 13 14 | 14.0
Evocations     | 6 8 10 12 | 12.0
Ice Magic      | 3 6 8 |  8.0
Air Magic      | 1 6 |  6.0

Action                     |  1- 3 |  4- 6 |  7- 9 | 10-12 | 13-15 | 16-18 | 19-21 | 22-24 | 25-27 || total
---------------------------+-------+-------+-------+-------+-------+-------+-------+-------+-------++-------
  Melee: Dagger            |    89 |   322 |   415 |   638 |     7 |       |       |       |       ||  1471
         Tailslap          |     3 |    40 |    65 |   200 |   319 |   692 |   976 |  1114 |   388 ||  3797
         Punch             |       |     2 |       |       |       |       |       |       |       ||     2
         Scimitar          |       |       |       |   560 |  1037 |     3 |       |       |       ||  1600
         Rapier            |       |       |       |       |   135 |       |       |       |       ||   135
         Unarmed           |       |       |       |       |     3 |       |       |       |       ||     3
         Quick blade       |       |       |       |       |   422 |  3224 |  3433 |  3986 |  1355 || 12420
         Maw               |       |       |       |       |   145 |   888 |  1115 |  1349 |   358 ||  3855
         Short sword       |       |       |       |       |       |       |    14 |       |       ||    14
         Eudemon blade     |       |       |       |       |       |       |     1 |    44 |    21 ||    66
   Fire: Sling             |    38 |    33 |    20 |   165 |   351 |    38 |       |       |       ||   645
         Hand crossbow     |       |       |       |       |       |       |    37 |    23 |     2 ||    62
  Throw: Dart              |       |    11 |    14 |    25 |    26 |     2 |     2 |     7 |       ||    87
         Throwing net      |       |       |     1 |       |       |       |       |       |       ||     1
         Boomerang         |       |       |       |       |     1 |       |       |       |       ||     1
         Javelin           |       |       |       |       |     9 |       |       |       |       ||     9
   Cast: Passwall          |       |       |       |       |    20 |     2 |     1 |     3 |     1 ||    27
         Blink             |       |       |       |       |       |     1 |     1 |       |     2 ||     4
         Vhi's Electric Ch |       |       |       |       |       |       |       |     1 |       ||     1
 Invoke: Potion Petition   |       |       |       |     1 |     6 |       |       |       |       ||     7
         Serpent's Lash    |       |       |       |       |       |     1 |     2 |     3 |       ||     6
         Heavenly Storm    |       |       |       |       |       |       |     2 |     3 |     2 ||     7
Ability: Breathe Lightning |       |       |     3 |     1 |    19 |     9 |     7 |     6 |     1 ||    46
         Whirlwind         |       |       |       |       |     4 |   164 |   263 |   262 |   210 ||   903
         Lunge             |       |       |       |       |     4 |   131 |   118 |   134 |    45 ||   432
         Wall Jump         |       |       |       |       |       |       |     1 |     1 |     1 ||     3
  Evoke: Wand              |       |       |     2 |     4 |     9 |    12 |     1 |     1 |       ||    29
         Lightning rod     |       |       |       |       |     5 |       |       |     3 |       ||     8
         Phantom mirror    |       |       |       |       |     2 |       |       |       |       ||     2
         Phial of floods   |       |       |       |       |     1 |       |       |     1 |     1 ||     3
    Use: Scroll            |       |       |    14 |    10 |    10 |     9 |     3 |     2 |     8 ||    56
         Potion            |       |       |       |     6 |     7 |     3 |     2 |     4 |    11 ||    33
   Stab: Sleeping          |     5 |     4 |     6 |    17 |    30 |    41 |    50 |    35 |     7 ||   195
         Distracted        |       |     1 |     1 |    12 |     7 |     9 |     5 |    11 |     1 ||    47
         Held in net/web   |       |       |     1 |       |       |       |       |       |       ||     1
         Invisible         |       |       |       |     3 |     3 |     2 |     3 |       |       ||    11
 Armour: Skin              |    30 |    67 |   110 |   214 |   343 |   246 |   288 |   353 |    83 ||  1734
  Dodge: Dodged            |    80 |   121 |   152 |   452 |   715 |   616 |   847 |  1031 |   340 ||  4354
  Block: Buckler           |       |    20 |   167 |   398 |   695 |   115 |       |       |       ||  1395
         Reflection        |       |       |     7 |     5 |    23 |   158 |    31 |    52 |     2 ||   278
         Other             |       |       |       |       |     5 |       |       |       |       ||     5
         Kite shield       |       |       |       |       |       |  1122 |  1279 |  1478 |   410 ||  4289
   Form: Maw               |       |       |       |       |     2 |       |       |       |       ||     2
                           |       |       |       |       |     1 |       |       |       |       ||     1

Table legend: (Time is in decaauts)
 A = Elapsed time spent in this place.
 B = Non-inter-level travel time spent in this place.
 C = Inter-level travel time spent in this place.
 D = Time resting spent in this place.
 E = Time spent auto-exploring this place.
 F = Levels seen in this place.
 G = Mean time per level.
                   A        B        C        D        E       F      G
               +--------+--------+--------+--------+--------+-----+--------+
         Total |  65440 |  58812 |   6628 |   1264 |  41344 |  51 | 1283.1 |
       Dungeon |  19927 |  16756 |   3171 |    310 |  12249 |  15 | 1328.5 |
        Temple |     83 |     37 |     46 |      0 |      0 |   1 |   83.0 |
          Lair |   9783 |   9086 |    697 |    103 |   6791 |   5 | 1956.6 |
        Shoals |   4363 |   3893 |    470 |    258 |   2558 |   4 | 1090.8 |
     Snake Pit |   4756 |   4604 |    152 |      0 |   3360 |   4 | 1189.0 |
  Orcish Mines |   2713 |   2598 |    115 |      0 |   1817 |   2 | 1356.5 |
   Elven Halls |   2790 |   2679 |    111 |      0 |   1853 |   3 |  930.0 |
        Vaults |   6052 |   5559 |    493 |      0 |   3897 |   5 | 1210.4 |
        Depths |   5610 |   4946 |    664 |    144 |   3059 |   4 | 1402.5 |
           Zot |   5057 |   4352 |    705 |    299 |   2783 |   5 | 1011.4 |
        Bazaar |     44 |     44 |      0 |      0 |     14 |   1 |   44.0 |
      Ice Cave |   3305 |   3305 |      0 |    150 |   2236 |   1 | 3305.0 |
      Gauntlet |    952 |    952 |      0 |      0 |    725 |   1 |  952.0 |
               +--------+--------+--------+--------+--------+-----+--------+

Top non-repeatable levels by time:
  Lair:5: 3417 daAuts
   IceCv: 3305 daAuts
     D:8: 2269 daAuts
  Lair:2: 2182 daAuts
    D:11: 2116 daAuts
Depths:3: 1722 daAuts
  Lair:3: 1701 daAuts
     D:4: 1676 daAuts
 Snake:4: 1606 daAuts
Vaults:5: 1587 daAuts
  Lair:1: 1537 daAuts
     D:6: 1520 daAuts
     D:5: 1452 daAuts
Depths:1: 1441 daAuts
   Orc:2: 1401 daAuts
